 Dungeon Crawl Stone Soup version 0.20-a0-313-g10ed074 (webtiles) character file.

2177 Junicave the Fighter (level 9, -1/84 HPs)
             Began as a Hill Orc Fighter on Dec 20, 2016.
             Was an Initiate of Beogh.
             Killed from afar by a steam dragon (15 damage)
             ... with a ball of steam
             ... on level 7 of the Dungeon.
             The game lasted 00:21:22 (6759 turns).

Junicave the Fighter (Hill Orc Fighter)             Turns: 6759, Time: 00:21:23

Health: -1/84      AC: 18    Str: 22    XL:     9   Next: 32%
Magic:  12/12      EV:  1    Int:  8    God:    Beogh [......]
Gold:   304        SH: 10    Dex: 10    Spells: 8/8 levels left

rFire  . . .     SeeInvis .     I - +0 hand axe (elec)
rCold  . . .     Gourm    .     e - +0 crystal plate armour
rNeg   + . .     Faith    .     c - +0 shield
rPois  .         Spirit   .     (no helmet)
rElec  .         Reflect  .     (no cloak)
rCorr  .         Harm     .     K - +0 pair of gloves
MR     .....                    (no boots)
Stlth  ..........               (no amulet)
                                D - ring of flight
                                i - ring of positive energy

@: no status effects
A: no striking features
a: Renounce Religion, Evoke Flight


You were on level 7 of the Dungeon.
You worshipped Beogh.
Beogh was noncommittal.
You were hungry.

You visited 2 branches of the dungeon, and saw 8 of its levels.

You collected 304 gold pieces.

Inventory:

Hand Weapons
 a - a +0 war axe
 I - a +0 hand axe of electrocution (weapon)
Armour
 c - a +0 shield (worn)
 e - a +0 crystal plate armour (worn)
 w - a +0 plate armour of cold resistance
 K - a +0 pair of gloves (worn)
Jewellery
 i - a ring of positive energy (left hand)
 B - an uncursed ring of positive energy
 D - a ring of flight (right hand)
Wands
 t - a wand of digging (11/24)
Scrolls
 b - 4 scrolls of fear {unknown}
 h - 4 scrolls of remove curse
 k - a scroll of amnesia {unknown}
 n - 5 scrolls of enchant weapon
 q - 5 scrolls of identify
 x - 3 scrolls of blinking
 y - a scroll of recharging {unknown}
 z - 2 scrolls of teleportation {unknown}
 A - a scroll of noise {unknown}
 G - 3 scrolls of brand weapon {unknown}
Potions
 d - 3 potions of might
 g - a potion of heal wounds
 l - 2 potions of curing {unknown}
 m - a potion of invisibility
 r - a potion of degeneration {unknown}
 s - a potion of magic {unknown}
 u - 3 potions of lignification {unknown}
 E - 3 potions of flight {unknown}
 F - a potion of haste {unknown}
Books
 v - Sif Muna's Catalogue of Frigorific Venom
   (You found it on level 4 of the Dungeon)

   Spells                             Type                      Level
   a - Mephitic Cloud                 Conjuration/Poison/Air       3
   b - Throw Icicle                   Conjuration/Ice              4
   c - Ozocubu's Refrigeration        Ice                          6
Comestibles
 f - 3 bread rations
 o - 3 slices of pizza
 p - a beef jerky
 C - a royal jelly
 H - 2 meat rations
 J - 2 chunks of flesh


   Skills:
 * Level 9.4 Fighting
 * Level 7.9 Axes
 + Level 5.8 Armour
 + Level 5.8 Shields
 + Level 4.4 Evocations


You had 8 spell levels left.
You didn't know any spells.

Dungeon Overview and Level Annotations

Branches:
Dungeon (7/15)             Temple (1/1) D:4

Altars:
Ashenzari
Cheibriados
Dithmenos
Elyvilon
Gozag
Hepliaklqana
Kikubaaqudgha
Makhleb
Nemelex Xobeh
Qazlal
Ru
Sif Muna
Trog
Uskayaw
Vehumet
Xom
Yredelemnul
Zin
The Shining One

Annotations:
D:6 Cirk's ghost, novice OgHu


Message History

The steam dragon is almost dead.
You hit something.
You are engulfed in a cloud of scalding steam.
Something hits you but does no damage.
The steam dragon bites you but does no damage.
You block the steam dragon's attack.
You hit the steam dragon.
The steam dragon is almost dead.
You closely miss something. Something hits you.
* * * LOW HITPOINT WARNING * * *
Something shocks you.
* * * LOW HITPOINT WARNING * * *
The steam dragon bites you but does no damage.
The steam dragon claws you but does no damage.
You hit the steam dragon but do no damage.
The steam dragon is almost dead.
You barely miss something. The steam dragon breathes steam at you.
The ball of steam hits you!
You die...

#...<.....###...## #
###..##..###.....## #
######..##..##.......#######
#...........................
#.###..##..###.......#######
#..##..# ##.....##
#..##..#####...## #####
#..##.....###... .....
#..#...@..# #.## ...###
#.....{†D.....# ....##
####........... ......
##........#. ...##
...#§≈≈≈≈≈. . #..#§§≈≈≈≈≈§
#.. ≈..#.≈§ .#### ...
.v#[$.≈ ...... ..####


You could see a steam dragon and an insubstantial wisp.

Vanquished Creatures
  Grinder (D:3)
  A sky beast (D:5)
  An ice beast (D:5)
  2 orc warriors (D:6)
  An ogre (D:7)
  A bullfrog (D:7)
  5 scorpions
  A crimson imp (D:5)
  A howler monkey (D:4)
  A bullfrog zombie (D:5)
  5 hounds
  2 orc priests (D:7)
  9 orc wizards
  Ijyb (D:3)
  An iguana (D:5)
  2 centaur skeletons
  Terence (D:3)
  Natasha (thrice) (D:4)
  6 worker ants
  11 adders
  3 shadow imps
  5 oozes
  An adder zombie (D:5)
  3 worms
  2 dart slugs
  8 leopard geckos
  20 orcs
  7 giant cockroaches
  11 hobgoblins
  9 jackals
  4 kobolds
  4 quokkas
  2 ball pythons
  7 bats
  4 frilled lizards
  6 goblins
  A leopard gecko skeleton (D:6)
  A leopard gecko zombie (D:7)
  8 rats
162 creatures vanquished.

Vanquished Creatures (others)
  An orc warrior (D:6)
  A sky beast (D:7)
  An orc priest (D:6)
  2 orc wizards (D:6)
  2 orcs (D:6)
  A hobgoblin (D:6)
8 creatures vanquished.

Grand Total: 170 creatures vanquished

Notes
Turn   | Place    | Note
-------+----------+-------------------------------------------
     0 | D:1      | Junicave the Hill Orc Fighter began the quest for the Orb.
     0 | D:1      | Reached XP level 1. HP: 19/19 MP: 1/1
   124 | D:1      | Reached skill level 4 in Fighting
   227 | D:1      | Reached XP level 2. HP: 22/27 MP: 2/2
   673 | D:2      | Reached XP level 3. HP: 31/34 MP: 3/3
   832 | D:2      | Reached skill level 5 in Fighting
   905 | D:2      | Found a burning altar of Makhleb.
   914 | D:2      | Reached XP level 4. HP: 39/42 MP: 4/4
  1325 | D:3      | Reached XP level 5. HP: 34/50 MP: 5/5
  1370 | D:3      | Noticed Grinder
  1374 | D:3      | Paralysed by Grinder for 2 turns
  1384 | D:3      | Paralysed by Grinder for 2 turns
  1394 | D:3      | Killed Grinder
  1394 | D:3      | Reached skill level 6 in Fighting
  1394 | D:3      | Reached skill level 1 in Evocations
  1394 | D:3      | Reached XP level 6. HP: 21/58 MP: 5/7
  1485 | D:3      | You fall through a shaft for 2 floors!
  1485 | D:5      | Entered Level 5 of the Dungeon
  1699 | D:5      | Noticed an ice beast
  1721 | D:5      | Killed an ice beast
  1721 | D:5      | Reached XP level 7. HP: 37/64 MP: 8/8
  1726 | D:5      | Found a sparkling altar of Nemelex Xobeh.
  1726 | D:5      | Found an opulent altar of Gozag.
  1793 | D:5      | Reached skill level 7 in Fighting
  1798 | D:5      | Reached skill level 5 in Axes
  1955 | D:4      | Found a staircase to the Ecumenical Temple.
  1955 | D:4      | Noticed Natasha
  1988 | D:4      | Killed Natasha
  2025 | D:4      | Identified Sif Muna's Catalogue of Frigorific Venom
  2295 | D:3      | Found a shattered altar of Ashenzari.
  2442 | D:3      | Noticed Terence
  2454 | D:3      | Killed Terence
  2705 | D:3      | Noticed Ijyb
  2712 | D:3      | Killed Ijyb
  3185 | D:4      | Reached XP level 8. HP: 72/74 MP: 10/10
  3188 | D:4      | Noticed Natasha
  3194 | D:4      | Killed Natasha
  3499 | D:4      | Found a staircase to the Ecumenical Temple.
  3795 | D:4      | Noticed Natasha
  3802 | D:4      | Killed Natasha
  3963 | D:4      | Reached skill level 8 in Fighting
  3976 | Temple   | Entered the Ecumenical Temple
  4515 | D:5      | Reached skill level 5 in Shields
  4799 | D:6      | Reached skill level 5 in Armour
  4863 | D:6      | Noticed Cirk's ghost (novice OgHu)
  5619 | D:6      | Became a worshipper of Beogh the Brigand
  5920 | D:6      | Reached XP level 9. HP: 50/82 MP: 10/12
  5922 | D:6      | Reached skill level 9 in Fighting
  6266 | D:6      | Found a sacrificial altar of Ru.
  6345 | D:6      | Found a deep blue altar of Sif Muna.
  6442 | D:7      | Found a snail-covered altar of Cheibriados.
  6567 | D:7      | Found a shadowy altar of Dithmenos.
  6759 | D:7      | Killed from afar by a steam dragon

Vault maps used:
D:1:      dpeg_arrival_refuge, minmay_fountain_box
D:2:      serial_glass, glass_columns_b, glass_columns_a,
          makhleb_heckhound_becter
D:3:      evilmike_ruin_ashenzari, portal_sewer_entry_f, uniq_iyjb,
          uniq_grinder, uniq_terence
D:4:      uniq_natasha
D:5:      grunt_temple_overflow_opulence, first_bread, hangedman_decor_points
D:6:      kennysheep_orc_sif_temple, nicolae_ru_great_annihilating_truth
D:7:      grunt_dithmenos_smoke, slow_altar_1, the_bakery,
          minmay_misc_feat_doors, hangedman_misty_isle
Temple:   dshaligram_water_room_temple

Skill      XL: |  1  2  3  4  5  6  7  8  9 |
---------------+----------------------------+-----
Fighting       | 4 5 6 7 8 9 |  9.4
Axes           | 3 4 5 7 |  7.9
Shields        | 4 5 |  5.8
Evocations     | 1 2 3 4 |  4.4
Armour         | 4 5 |  5.8

Action                   |  1- 3 |  4- 6 |  7- 9 || total
-------------------------+-------+-------+-------++-------
Melee: War axe           |    92 |   116 |   556 ||   764
       Hand axe          |       |       |    37 ||    37
Invok: Convert to Beogh  |       |       |     1 ||     1
  Use: Scroll            |       |     5 |       ||     5
       Potion            |       |       |     3 ||     3
 Stab: Paralysed         |       |       |     1 ||     1
  Eat: Chunk             |       |     3 |    17 ||    20
Armor: Scale mail        |    11 |       |       ||    11
       Plate armour      |    48 |    54 |       ||   102
       Crystal plate arm |       |    47 |   485 ||   532
Dodge: Dodged            |    27 |    15 |    33 ||    75
Block: Shield            |    53 |    61 |   303 ||   417
